 Dungeon Crawl Stone Soup version 0.19-a0-1626-g5215c36 (webtiles) character file.

3334 4thArraOfDagon the Grappler (level 9, -3/71 HPs)
             Began as a Troll Warper on Sept 18, 2016.
             Killed by divine providence
             ... invoked by an orc priest
              (15 damage)
             ... on level 9 of the Dungeon.
             The game lasted 00:12:13 (3229 turns).

4thArraOfDagon the Grappler (Troll Warper)          Turns: 3229, Time: 00:12:13

Health: -3/71      AC:  6    Str: 19      XL:     9   Next: 72%
Magic:  9/9        EV:  9    Int: 14      God:    Xom [.....*]
Gold:   183        SH:  0    Dex:  5 (6)  Spells: 3 memorised, 3 levels left

rFire  . . .     SeeInvis .       - Unarmed
rCold  . . .     Gourm    +     a - +0 robe
rNeg   . . .     Faith    .     (no shield)
rPois  .         Spirit   .     (helmet restricted)
rElec  +         Dismiss  .     (no cloak)
rCorr  .         Reflect  .     (gloves unavailable)
MR     .....     Harm     +     (boots unavailable)
Stlth  +.........               l - amulet of harm
                                (no ring)
                                B - -5 ring of dexterity

@: no status effects
A: unfitting armour, claws 3, icy blue scales 1, agile 1, clever 1, deformed
body, deterioration 1, fast metabolism 3, frail 1, gourmand, regeneration 1,
shaggy fur 1, electricity resistance, tough skin 2, weak 1
a: Renounce Religion


You were on level 9 of the Dungeon.
You worshipped Xom.
You were Xom's teddy bear.
You were very full.

You visited 1 branch of the dungeon, and saw 9 of its levels.
You also visited: Ossuary.

You collected 308 gold pieces.
You spent 125 gold pieces at shops.

Inventory:

Hand Weapons
 F - a +0 giant spiked club
Missiles
 d - 5 tomahawks of dispersal (quivered)
Armour
 a - a +0 robe (worn)
 E - the +1 robe of Patterns {rN+ Dex-4 SInv}
   (You bought it in a shop on level 9 of the Dungeon)

   It affects your dexterity (-4).
   It protects you from negative energy.
   It lets you see invisible.
Jewellery
 l - an amulet of harm (around neck)
 x - a +4 amulet of reflection {unknown}
 A - a cursed ring of loudness {unknown}
 B - a -5 ring of dexterity (left claw)
Wands
 j - a wand of random effects (24/48)
 v - a wand of flame (12/48)
 z - a wand of digging (11/24)
 D - a wand of disintegration (8/24)
Scrolls
 c - a scroll of silence {unknown}
 e - 4 scrolls of identify
 h - a scroll of noise {unknown}
 i - 4 scrolls of teleportation
 k - 2 scrolls of enchant weapon
 n - 4 scrolls of remove curse
 o - 2 scrolls of fog {unknown}
 p - 2 scrolls of fear {unknown}
 w - 2 scrolls of random uselessness {unknown}
 y - a scroll of enchant armour {unknown}
Potions
 m - 4 potions of curing
 q - 3 potions of degeneration
 r - a potion of invisibility
 s - a potion of haste
 t - a potion of magic {unknown}
 u - a potion of might {unknown}
 C - a potion of ambrosia {unknown}
Books
 b - a book of Spatial Translocations

   Spells                             Type                      Level
   a - Apportation                    Translocation                1
   b - Blink                          Translocation                2
   c - Shroud of Golubria             Charms/Translocation         2
   d - Portal Projectile              Translocation                3
   e - Teleport Other                 Translocation                3
   f - Passage of Golubria            Translocation                4
Comestibles
 f - 5 bread rations


   Skills:
 + Level 2.1 Fighting
 - Level 0.8 Throwing
 + Level 2.5 Dodging
 * Level 13.2 Unarmed Combat
 - Level 1.2 Spellcasting
 - Level 2.1 Translocations


You had 3 spell levels left.
You knew the following spells:

 Your Spells              Type           Power        Failure   Level  Hunger
a - Apportation           Tloc           #.........   12%         1    ##.....
b - Blink                 Tloc           N/A          17%         2    ###....
c - Passage of Golubria   Tloc           N/A          89%         4    #####..


Dungeon Overview and Level Annotations

Branches:
Dungeon (9/15)             Temple (0/1) D:6
   Lair: D:8-11         Orc: D:9-12

Altars:
Nemelex Xobeh
Trog
Xom
Yredelemnul
The Shining One

Shops:
D:9 [

Annotations:
D:4 Natasha; Robin; st0uf's ghost, amateur DEEE
D:9 exclusion: obsidian statue


Innate Abilities, Weirdness & Mutations

You are too large for most types of armour.
You have claws for hands.
Your metabolism is lightning-fast.
You like to eat raw meat.
Your natural rate of healing is unusually fast.
You are covered in fur. (AC +1)
You have very tough skin. (AC +2)
You are partially covered in icy blue scales. (AC +2)
You are agile. (Dex +2)
Your mind is acute. (Int +2)
Armour fits poorly on your strangely shaped body.
Your body sometimes deteriorates upon taking damage.
You are frail. (-10% HP)
You are resistant to electric shocks. (rElec)
You are weak. (Str -2)


Message History

You are too injured to fight recklessly!
Unknown command.
You are too injured to fight recklessly!
Unknown command.
Okay, then.
Unknown command.
Unknown command.
You feel much better.
The orc warrior hits you with a long sword!!
* * * LOW HITPOINT WARNING * * *
Unknown command.
Unknown command.
Unknown command.
Unknown command.
Unknown command.
Unknown command.
The orc priest invokes the aid of Beogh against you.
Beogh smites you!
You die...
Xom roars with laughter!

#.....# #......[....#
#..####'####### #.......##...##
.......(....... +..............
##.####(##########...#+####.#..#
#.(...........## #.##.#
##.(......###.# #.. ..
#..(.....# #.# #.. #........#
#.# ##. #..)....@# .. #........#
. #.......o# #.......o###.#
#######......# # #o###### # #.#
#o# #.#


You could see an orc warrior, an orc priest, an orc wizard and an orc.

Vanquished Creatures
  Prince Ribbit (D:5)
  A hungry ghost (D:7)
  2 phantoms
  A swamp drake (D:7)
  A sky beast (D:5)
  A black bear (D:6)
  6 ogres
  2 eyes of draining (D:3)
  5 centaurs
  A crocodile (D:7)
  An elf zombie (Ossuary)
  2 bullfrogs
  A scorpion (D:7)
  2 howler monkeys
  3 jellies
  A crimson imp (D:5)
  2 orc priests
  2 centaur zombies (Ossuary)
  A human zombie (Ossuary)
  3 hounds
  7 orc wizards
  3 iguanas
  11 worker ants
  2 mummies
  2 adders
  9 gnolls (D:4)
  A howler monkey skeleton (D:4)
  2 dart slugs
  2 leopard geckos (D:6)
  16 orcs
  3 giant cockroaches
  6 goblins
  A hobgoblin (D:1)
  7 jackals
  2 quokkas
  5 bats
  4 frilled lizards
  A hobgoblin zombie (D:6)
  A jackal skeleton (D:4)
  6 kobolds
  A kobold zombie (D:6)
  A leopard gecko skeleton (D:5)
  3 rats
135 creatures vanquished.

Notes
Turn   | Place    | Note
-------+----------+-------------------------------------------
     0 | D:1      | 4thArraOfDagon the Troll Warper began the quest for the Orb.
     0 | D:1      | Reached XP level 1. HP: 19/19 MP: 1/1
   138 | D:1      | Reached XP level 2. HP: 21/27 MP: 2/2
   190 | D:1      | Reached skill level 3 in Unarmed Combat
   279 | D:1      | You fall through a shaft!
   404 | D:3      | Reached XP level 3. HP: 33/33 MP: 3/3
   423 | D:4      | Found a basalt altar of Yredelemnul.
   454 | D:4      | Noticed a centaur
   469 | D:4      | Killed a centaur
   469 | D:4      | Reached skill level 4 in Unarmed Combat
   469 | D:4      | Reached XP level 4. HP: 12/41 MP: 4/4
   561 | D:4      | Noticed st0uf's ghost (amateur DEEE)
   585 | D:4      | Noticed an ogre
   603 | D:4      | Reached skill level 5 in Unarmed Combat
   609 | D:4      | Killed an ogre
   609 | D:4      | Reached XP level 5. HP: 48/48 MP: 5/5
   639 | D:5      | Entered Level 5 of the Dungeon
   683 | D:5      | Reached skill level 6 in Unarmed Combat
   749 | D:6      | Found a sand-covered staircase.
   755 | Ossuary  | Entered an ossuary
   773 | Ossuary  | Reached XP level 6. HP: 19/55 MP: 6/6
   795 | Ossuary  | Reached skill level 7 in Unarmed Combat
   948 | D:5      | Reached XP level 7. HP: 50/62 MP: 7/7
  1006 | D:5      | Noticed Prince Ribbit
  1086 | D:4      | Reached skill level 8 in Unarmed Combat
  1393 | D:4      | Noticed Robin
  1419 | D:3      | Found a bloodstained altar of Trog.
  1428 | D:3      | Reached skill level 9 in Unarmed Combat
  1644 | D:4      | Noticed Natasha
  1674 | D:5      | Reached XP level 8. HP: 58/70 MP: 8/8
  1834 | D:5      | Found a glowing golden altar of the Shining One.
  1941 | D:5      | Reached skill level 10 in Unarmed Combat
  1970 | D:5      | Killed Prince Ribbit
  2098 | D:5      | Reached skill level 11 in Unarmed Combat
  2112 | D:5      | Gained mutation: You are resistant to electric shocks. (rElec) [mutagenic meat]
  2115 | D:5      | Gained mutation: You are frail. (-10% HP) [mutagenic meat]
  2118 | D:5      | Gained mutation: Armour fits poorly on your strangely shaped body. [mutagenic meat]
  2121 | D:5      | Gained mutation: Your body sometimes deteriorates upon taking damage. [mutagenic meat]
  2124 | D:5      | Gained mutation: You are weak. (Str -2) [mutagenic meat]
  2150 | D:5      | Found a shimmering altar of Xom.
  2150 | D:5      | Found a sparkling altar of Nemelex Xobeh.
  2171 | D:5      | Became a worshipper of Xom of Chaos
  2262 | D:6      | XOM: harmless Divn miscast
  2320 | D:6      | Found a staircase to the Ecumenical Temple.
  2445 | D:6      | Reached XP level 9. HP: 60/68 MP: 9/9
  2508 | D:7      | XOM: harmless Divn miscast
  2545 | D:7      | XOM: potion effect (brilliance)
  2546 | D:7      | XOM: potion effect (brilliance)
  2549 | D:7      | XOM: harmless Fire miscast
  2555 | D:7      | Reached skill level 12 in Unarmed Combat
  2599 | D:8      | XOM: cleaving
  2601 | D:8      | XOM: scenery: 1 doors open
  2626 | D:7      | XOM: 2-stop teleportation journey
  2638 | D:7      | XOM: polymorph hound -> swamp drake
  2755 | D:8      | XOM: summons 4 hostile demons
  2756 | D:8      | Noticed a red devil
  2789 | D:8      | XOM: summons friendly shadow imp
  2800 | D:8      | XOM: 2-stop teleportation journey
  2802 | D:8      | XOM: swap monsters
  2816 | D:8      | XOM: polymorph orc warrior -> ogre
  2818 | D:8      | XOM: harmless Pois miscast
  2868 | D:8      | XOM: 1-stop teleportation journey
  2877 | D:8      | XOM: summons 4 hostile demons
  2878 | D:8      | Noticed an orange demon
  2878 | D:8      | Noticed a red devil
  2894 | D:8      | XOM: blink monster(s)
  2961 | D:8      | Reached skill level 13 in Unarmed Combat
  3021 | D:9      | Learned a level 2 spell: Blink
  3026 | D:9      | Learned a level 4 spell: Passage of Golubria
  3027 | D:9      | Found Turoc's Antique Armour Shop.
  3030 | D:9      | Bought a silken robe for 125 gold pieces
  3040 | D:9      | Identified the cursed +1 robe of Patterns {rN+ Dex-4 SInv} (You bought it in a shop on level 9 of the Dungeon)
  3040 | D:9      | Lost dexterity.
  3049 | D:9      | Noticed an obsidian statue
  3051 | D:9      | XOM: repel stairs
  3053 | D:9      | Noticed a hellwing
  3097 | D:9      | XOM: scenery: 1 doors open
  3108 | D:9      | XOM: give mutations
  3108 | D:9      | Gained mutation: Your mind is acute. (Int +2) [Xom's grace]
  3108 | D:9      | Gained mutation: You are agile. (Dex +2) [Xom's grace]
  3108 | D:9      | Gained mutation: You are partially covered in icy blue scales. (AC +2) [Xom's grace]
  3144 | D:9      | XOM: scenery: create altars
  3157 | D:9      | XOM: butterfly on damage
  3229 | D:9      | Killed from afar by an orc priest

Vault maps used:
D:1:      tarquinn_simple_flora_water_d, st_stairs_8, minmay_split_cup_small
D:2:      overflow_temple_1_default, ecumenical_altar_2
D:3:      wad_crossroads, trog_eyes_of_draining
D:4:      lemuel_round_altar, first_bread, uniq_natasha, uniq_robin
D:5:      tso_oasis_becter, amethyst_overflow_temple_binary, uniq_prince_ribbit1
D:6:      nicolae_ossuary_entry_giza
D:7:      kennysheep_mini_moat
D:8:      hangedman_ranch, minmay_fountain_box
D:9:      lemuel_doored_altar, lemuel_crystal_altar, serial_shops,
          kennysheep_mini, minmay_statue_bubble
Ossuary:  ossuary_minmay_four_chambers

Skill      XL: |  1  2  3  4  5  6  7  8  9 |
---------------+----------------------------+-----
Unarmed Combat | 3 4 5 6 7 9 11 13 | 13.2
Dodging        | 2 |  2.5
Fighting       | 2 |  2.1
Throwing       | |  0.8
Spellcasting   | |  1.2
Translocations | |  2.1

Action                   |  1- 3 |  4- 6 |  7- 9 || total
-------------------------+-------+-------+-------++-------
Melee: Unarmed           |    56 |    69 |   289 ||   414
       Punch             |       |       |    10 ||    10
Evoke: Wand              |       |       |     2 ||     2
  Use: Potion            |     2 |     1 |     4 ||     7
       Scroll            |       |     6 |     4 ||    10
 Stab: Invisible         |       |       |     3 ||     3
  Eat: Chunk             |     9 |     1 |    33 ||    43
       Pizza             |       |       |     1 ||     1
       Royal jelly       |       |       |     1 ||     1
       Fruit             |       |       |     1 ||     1
Armor: Robe              |    25 |    20 |    70 ||   115
Dodge: Dodged            |    36 |    28 |   131 ||   195
